 Dungeon Crawl Stone Soup version 0.27-a0-860-gaf99fae3ca (webtiles) character file.

Game seed: 323941193447652841

45 mhtbhm the Ruffian (level 3, 31/31 HPs)
             Began as a Ghoul Monk on Apr 1, 2021.
             Was a Priest of Trog.
             Quit the game on level 2 of the Dungeon.
             The game lasted 00:02:01 (1659 turns).

mhtbhm the Ruffian (Ghoul Monk)                     Turns: 1659, Time: 00:02:01

Health: 31/31      AC:  3    Str: 15    XL:     3   Next: 64%
Magic:  2/2        EV: 12    Int:  5    God:    Trog [***...]
Gold:   147        SH:  0    Dex: 11    Spells: 2/2 levels left

rFire    . . .     SeeInvis .     - Unarmed
rCold    + . .     Faith    .   (no shield)
rNeg     + + +     Spirit   .   a - +0 robe
rPois    ∞         Reflect  .   (no helmet)
rElec    .         Harm     .   (no cloak)
rCorr    .         Rampage  .   (no gloves)
Will     .....                  d - +0 pair of boots
Stlth    ++........             (no amulet)
HPRegen  0.10/turn              (no ring)
MPRegen  0.08/turn              (no ring)

@: no status effects
A: claws 1, cold resistance 1, negative energy resistance 3, inhibited
regeneration, torment resistance 2, unbreathing 1
a: Renounce Religion, Trog's Hand


You were on level 2 of the Dungeon.
You worshipped Trog.
Trog was most pleased with you.
You visited 1 branch of the dungeon, and saw 2 of its levels.

You collected 147 gold pieces.

Inventory:

Armour
 a - a +0 robe (worn)
 d - a +0 pair of boots (worn)
Scrolls
 b - a scroll of brand weapon {unknown}
 e - 2 scrolls of identify {unknown}
 f - a scroll of enchant armour {unknown}
 g - a scroll of amnesia {unknown}
Potions
 c - a potion of brilliance {unknown}


   Skills:
 + Level 3.6 Fighting
 + Level 3.0 Dodging
 + Level 2.8 Stealth
 + Level 4.1 Unarmed Combat


You had 2 spell levels left.
You didn't know any spells.
Your spell library was empty.

Dungeon Overview and Level Annotations

Branches:
Dungeon (2/15)

Altars:
Trog

Shops:
D:1 (


Innate Abilities, Weirdness & Mutations

You thrive by killing the living.
You are immune to poison.
You have sharp fingernails.
Your flesh is cold resistant. (rC+)
You are immune to negative energy. (rN+++)
You do not regenerate when monsters are visible.
You are immune to unholy pain and torment.
You can survive without breathing.


Message History

You scratch the adder but do no damage.
The adder is moderately wounded.
The adder bites you.
You scratch the adder.
The adder is severely wounded.
The adder barely misses you. x2
You scratch the adder.
You kill the adder!
Trog accepts your kill. The kobold hits you but does no damage.
You scratch the kobold.
The kobold is moderately wounded.
The kobold hits you with a +0 dagger.
You scratch the kobold.
You kill the kobold!
Trog accepts your kill.
You feel better.
No target in view!
No target in view!
No target in view!
No target in view!
No target in view!
No target in view!
No target in view!
No target in view!
You start resting.
HP restored.
Things that are here:
a +0 dagger; a stone
Okay, then.
There is an open door here.
There is an open door here.
Done exploring.
Done exploring.
Done exploring.
Okay, then.
Unknown command.
Okay, then.
You see here 7 arrows.
Are you sure you want to abandon this character and quit the game? (Confirm with "yes".)

..# #....#
##......#####......#
..# #....#
#......:....#.####.#
..# #....#
#........##.#.# #.#
..# #....#
#.........#.#.# #.#
..# ######
#.........#.#.# #.#
..# #.........#.#.#
#.# ..#
#.........###.# #.#
..# #.............#
#.# ..#
#....@....##### #.#
###
##################.#
### #.............#
#.# #.#############
#.# #.# #.###.#
#...).# #######


There were no monsters in sight!

Vanquished Creatures
  An adder (D:2)
  A dart slug (D:1)
  2 ball pythons
  3 bats
  4 endoplasms
  2 goblins
  6 hobgoblins
  3 jackals (D:1)
  4 frilled lizards
  3 kobolds
  A rat (D:1)
30 creatures vanquished.

Notes
Turn   | Place    | Note
-------+----------+-------------------------------------------
     0 | D:1      | mhtbhm the Ghoul Monk began the quest for the Orb.
     0 | D:1      | Reached XP level 1. HP: 19/19 MP: 0/0
    50 | D:1      | Found Vecaa's Weapon Shoppe.
   272 | D:1      | Reached XP level 2. HP: 26/26 MP: 1/1
   992 | D:1      | Reached XP level 3. HP: 29/31 MP: 2/2
  1074 | D:2      | Found a faded altar of an unknown god.
  1084 | D:2      | Became a worshipper of Trog the Wrathful
  1084 | D:2      | Reached * piety under Trog
  1084 | D:2      | Reached ** piety under Trog
  1379 | D:2      | Reached skill level 4 in Unarmed Combat
  1492 | D:2      | Reached *** piety under Trog
  1659 | D:2      | Quit the game

Illustrated notes

Levels and vault maps discovered:
D:1:      dpeg_arrival_three_same_balls, layout_rooms, serial_shops, shop,
          minmay_crystal_room, minmay_close_crescents
D:2:      layout_basic, basic_ecumenical_altar

Skill      XL: |  1  2  3 |
---------------+----------+-----
Dodging        | 3 |  3.0
Unarmed Combat | 4 |  4.1
Fighting       | |  3.6
Stealth        | |  2.8

Action                   || total
-------------------------++-------
Melee: Unarmed           ||    90
 Stab: Sleeping          ||     9
Armor: Robe              ||    23
Dodge: Dodged            ||    40

Table legend: (Time is in decaauts)
 A = Elapsed time spent in this place.
 B = Non-inter-level travel time spent in this place.
 C = Inter-level travel time spent in this place.
 D = Time resting spent in this place.
 E = Time spent auto-exploring this place.
 F = Levels seen in this place.
 G = Mean time per level.
                   A        B        C        D        E       F      G
               +--------+--------+--------+--------+--------+-----+--------+
         Total |   1652 |   1652 |      0 |    180 |   1205 |   2 |  826.0 |
       Dungeon |   1652 |   1652 |      0 |    180 |   1205 |   2 |  826.0 |
               +--------+--------+--------+--------+--------+-----+--------+

Top non-repeatable levels by time:
     D:1: 1039 daAuts
     D:2: 613 daAuts
